 Dungeon Sprint DCSS version 0.31-a0-750-gfe7b580527 (webtiles) character file.

Game seed: 3233667735264889926

4272 sircluck the Grappler (level 10, -1/172 HPs)
             Began as a Troll Berserker on Sept 14, 2023.
             Was the Champion of Trog.
             Slain by a killer bee (4 damage)
             ... in the Dungeon (Sprint VII: "The Pits").
             The game lasted 00:03:26 (961 turns).

sircluck the Grappler (Troll Berserker)              Turns: 961, Time: 00:03:26

Health: -1/172     AC:  4    Str: 31    XL:     10   Next: 10%
Magic:  9/9        EV: 13    Int:  3    God:    Trog [******]
Gold:   0          SH:  0    Dex:  9    Spells: 9/9 levels left

rFire   . .          .
                       - Unarmed
rCold   . . .        (no shield)
rNeg    . . .        a - +0 animal skin
rPois   .            (helmet restricted)
rElec   .            (no cloak)
rCorr   .            (gloves unavailable)
SInv    .            (boots unavailable)
Will    .....        (no amulet) Stlth
                     (no ring)
HPRegen 1.28/turn    (no ring)
MPRegen 0.11/turn

%: no teleportation
@: berserking (expiring), lethally poisoned (-1 -> -9), slowed
A: large, unfitting armour, claws 3, regeneration 1, shaggy fur 1, tough skin 1
a: Renounce Religion, Berserk, Trog's Hand, Brothers in Arms


You were in the Dungeon.
You worshipped Trog.
Trog was exalted by your worship.
You visited 1 branch

Inventory:

Armour
 a - a +0 animal skin (worn)
Jewellery
 k - a +3 ring of intelligence
 l - a +3 ring of protection
Scrolls
 g - a scroll of blinking
 i - 2 scrolls of vulnerability
 j - a scroll of summoning
Potions
 b - 8 potions of curing
 c - 5 potions of heal wounds
 d - a potion of haste
 e - 4 potions of magic
 f - 4 potions of berserk rage
 h - 2 potions of invisibility
 m - a potion of resistance
 n - 2 potions of might
 o - a potion of mutation


   Skills:
 + Level 12.1 Fighting
 + Level 11.9 Dodging
 + Level 14.0 Unarmed Combat


You had 9 spell levels left.
You didn't know any spells.
Your spell library was empty.

Dungeon Overview and Level Annotations

Branches:
Dungeon (1/1)

Altars:
Ashenzari
Cheibriados
Dithmenos
Elyvilon
Fedhas
Gozag
Hepliaklqana
Kikubaaqudgha
Makhleb
Nemelex Xobeh
Okawaru
Qazlal
Ru
Sif Muna
Trog
Uskayaw
Vehumet
Wu Jian
Xom
Yredelemnul
Zin
The Shining One
Jiyva
Lugonu


Innate Abilities, Weirdness & Mutations

You are too large for most types of armour.
You have claws for hands.
Your natural rate of healing is unusually fast.
You are covered in fur. (AC +1)
You have tough skin. (AC +1)


Message History

You claw something! Trog accepts your kill.
Reactivating autopickup.
You feel a bit more experienced.
You feel very sick. The killer bee closely misses you.
The killer bee stings you.
* * * LOW HITPOINT WARNING * * *
The killer bee stings you!
* * * LOW HITPOINT WARNING * * *
You are more poisoned.
The killer bee poisons you! The killer bee misses you.
The killer bee stings you.
* * * LOW HITPOINT WARNING * * *
Your Fighting skill increases to level 12!
Your Unarmed Combat skill increases to level 14!
You have reached level 10!
You miss the killer bee.
You feel very sick.
The killer bee closely misses you. x2; The killer bee stings you!
* * * LOW HITPOINT WARNING * * *
You are more poisoned.
The killer bee poisons you! The killer bee closely misses you.
The killer bee misses you. The killer bee barely misses you.
You eviscerate the killer bee!!!
You kill the killer bee!
Trog accepts your kill.
* * * LOW HITPOINT WARNING * * *
You feel very sick. The killer bee stings you.
* * * LOW HITPOINT WARNING * * *
The killer bee stings you.
* * * LOW HITPOINT WARNING * * *
Unknown command.
You claw the wolf!
The wolf is heavily wounded.
* * * LOW HITPOINT WARNING * * *
You feel very sick. The wolf misses you. The killer bee barely misses you.
The killer bee stings you.
You die...

####'#####''#####################
#.......##''#####
#.......##......#
#.......##..)...#
#...<...###....## ## #.......#
##''## ##..+
#.......###....###....#
#.......##......#y...#
##########......@hh..+
##########......#y...#
...#..[[###....###....# ...#..[[#
##++## ##..+ ...'..))# ##
...#..))# ...#!.))# #########


You could see 2 wolves and 2 killer bees.

Vanquished Creatures
  A demonic crawler (D)
  A shadow wraith (D)
  A spriggan druid (D)
  A polar bear (D)
  A hellwing (D)
  A flying skull (D)
  A warg (D)
  2 water moccasins (D)
  A floating eye (D)
  A swamp drake (D)
  An orc warrior (D)
  An ogre (D)
  9 wolves (D)
  A phantom (D)
  A scorpion (D)
  A killer bee (D)
  A quasit (D)
  3 orc priests (D)
  A hell rat (D)
  2 mummies (D)
  A gnoll (D)
  An adder (D)
  An adder skeleton (D)
  3 orcs (D)
  An endoplasm (D)
  A giant cockroach (D)
  A kobold (D)
  A quokka (D)
  A frilled lizard (D)
  A rat (D)
44 creatures vanquished.

Vanquished Creatures (others)
  A wizard (D)
  A tarantella (D)
2 creatures vanquished.

Grand Total: 46 creatures vanquished

Notes
Turn   | Place    | Note
-------+----------+-------------------------------------------
     0 | D        | sircluck the Troll Berserker began the quest for the Orb.
     0 | D        | Reached XP level 1. HP: 22/22 MP: 0/0
    58 | D        | Found a bloodstained altar of Trog.
    58 | D        | Found a shimmering blue altar of Sif Muna.
    58 | D        | Found a viscous altar of Jiyva.
    58 | D        | Found a hazy altar of Hepliaklqana.
    58 | D        | Found an opulent altar of Gozag.
    59 | D        | Found a glowing golden altar of the Shining One.
    59 | D        | Found a glowing silver altar of Zin.
    59 | D        | Found a basalt altar of Yredelemnul.
    59 | D        | Found a shimmering altar of Xom.
    59 | D        | Found an ornate altar of the Wu Jian Council.
    59 | D        | Found a sacrificial altar of Ru.
    59 | D        | Found a stormy altar of Qazlal.
    59 | D        | Found an iron altar of Okawaru.
    59 | D        | Found a sparkling altar of Nemelex Xobeh.
    59 | D        | Found a burning altar of Makhleb.
    59 | D        | Found a blossoming altar of Fedhas.
    59 | D        | Found a white marble altar of Elyvilon.
    59 | D        | Found a shadowy altar of Dithmenos.
    59 | D        | Found a snail-covered altar of Cheibriados.
    61 | D        | Found a radiant altar of Vehumet.
    61 | D        | Found a corrupted altar of Lugonu.
    62 | D        | Found a hide-covered altar of Uskayaw.
    62 | D        | Found an ancient bone altar of Kikubaaqudgha.
    62 | D        | Found a broken altar of Ashenzari.
   107 | D        | Noticed a floating eye
   110 | D        | Paralysed by a floating eye for 2 turns
   114 | D        | Killed a floating eye
   115 | D        | Reached skill level 5 in Unarmed Combat
   115 | D        | Reached XP level 2. HP: 29/33 MP: 1/1
   115 | D        | Reached XP level 3. HP: 36/41 MP: 2/2
   115 | D        | Reached XP level 4. HP: 43/49 MP: 3/3
   117 | D        | Reached ** piety under Trog
   118 | D        | Reached skill level 5 in Fighting
   118 | D        | Reached skill level 5 in Dodging
   118 | D        | Reached skill level 6 in Unarmed Combat
   130 | D        | Noticed a scorpion
   133 | D        | Killed a scorpion
   134 | D        | Reached XP level 5. HP: 41/59 MP: 4/4
   134 | D        | Reached *** piety under Trog
   137 | D        | Reached skill level 7 in Unarmed Combat
   199 | D        | Noticed a warg
   213 | D        | Noticed a flying skull
   216 | D        | Noticed an orc warrior
   218 | D        | Killed a warg
   218 | D        | Reached **** piety under Trog
   219 | D        | Reached skill level 8 in Unarmed Combat
   219 | D        | Reached XP level 6. HP: 64/68 MP: 5/5
   221 | D        | Killed a flying skull
   222 | D        | Reached skill level 9 in Unarmed Combat
   228 | D        | Killed an orc warrior
   229 | D        | Reached XP level 7. HP: 67/80 MP: 6/6
   229 | D        | Reached ***** piety under Trog
   283 | D        | Reached skill level 10 in Unarmed Combat
   295 | D        | Identified the +9 eveningstar of Perversion {flame, rElec
                  | rF- Will+} (Trog gifted it to you in the Dungeon)
   295 | D        | Received a gift from Trog
   299 | D        | Reached XP level 8. HP: 66/92 MP: 7/7
   322 | D        | Noticed a spriggan druid
   332 | D        | Killed a spriggan druid
   333 | D        | Reached skill level 10 in Fighting
   333 | D        | Reached skill level 11 in Unarmed Combat
   436 | D        | Noticed a hellwing
   436 | D        | Noticed a polar bear
   445 | D        | Killed a hellwing
   445 | D        | Reached ****** piety under Trog
   446 | D        | Reached skill level 10 in Dodging
   449 | D        | Killed a polar bear
   449 | D        | Received a gift from Trog
   450 | D        | Reached skill level 12 in Unarmed Combat
   450 | D        | Reached XP level 9. HP: 102/102 MP: 8/8
   659 | D        | Noticed a wizard
   698 | D        | Killed a wizard
   699 | D        | Reached skill level 13 in Unarmed Combat
   787 | D        | Noticed a demonic crawler
   798 | D        | Killed a demonic crawler
   798 | D        | Received a gift from Trog
   958 | D        | Killed a shadow wraith
   959 | D        | Reached skill level 14 in Unarmed Combat
   959 | D        | Reached XP level 10. HP: 26/115 MP: 9/9
   960 | D        | HP: 7/172 [killer bee (4)]
   961 | D        | HP: 3/172 [poisoned by a killer bee]
   961 | D        | Slain by a killer bee

Illustrated notes

Levels and vault maps discovered:
D:        pitsprint [storerooms_1, entrance_room_1, metal_vault_2, armoury_1,
          mini_pit_1, grid_room_1, main_hall_1, silver_pit, the_coven_2,
          the_vestibule_1, steel_vault_4, golden_pit, hallway_of_sentries,
          crystal_vault_2, iron_vault_4, final_vault]

Skill      XL: |  1  2  3  4  5  6  7  8  9 |
---------------+----------------------------+-----
Fighting       | 4 5 6 8 9 10 12 | 12.1
Dodging        | 4 5 6 7 9 10 11 | 11.9
Unarmed Combat | 5 6 8 9 10 12 14 | 14.0

Action                     |  1- 3 |  4- 6 |  7- 9 | 10-12 || total
---------------------------+-------+-------+-------+-------++-------
  Melee: Unarmed           |     5 |    25 |   113 |     3 ||   146
         Punch             |       |     1 |     2 |       ||     3
 Invoke: Berserk           |       |       |     3 |       ||     3
    Use: Potion            |       |       |     1 |       ||     1
 Armour: Animal skin       |     2 |    12 |   110 |     4 ||   128
  Dodge: Dodged            |     4 |     9 |    84 |     7 ||   104

Table legend: (Time is in decaauts)
 A = Elapsed time spent in this place.
 B = Non-inter-level travel time spent in this place.
 C = Inter-level travel time spent in this place.
 D = Time resting spent in this place.
 E = Time spent auto-exploring this place.
 F = Levels seen in this place.
 G = Mean time per level.
                   A        B        C        D        E       F      G
               +--------+--------+--------+--------+--------+-----+--------+
         Total |    951 |    951 |      0 |    275 |    144 |   1 |  951.0 |
       Dungeon |    951 |    951 |      0 |    275 |    144 |   1 |  951.0 |
               +--------+--------+--------+--------+--------+-----+--------+

Top non-repeatable levels by time:
       D: 951 daAuts
